Cogmind - Beta 13 @@@ ROGUE MODE // 2024.04.03 @ 17:22:47 Player: Johge Result: Destroyed by as-30115 with Assembled Rifle Performance ------------- Evolutions (0) 0 Regions Visited (4) 800 Robots Destroyed (9) 45 Value Destroyed (223) 223 Prototype IDs (2) 40 Alien Tech Used (0) 0 Bonus (0) 0 TOTAL SCORE: 1108 Bonus ------- None Cogmind --------- Core Integrity 0/250 Matter 300/300 Energy 250/250 System Corruption 0% Temperature Cool (0) Movement Walking (190) Ox1 Location -9/Mines Parts ------- > --- POWER (1) -------- Ion Engine > --- PROPULSION (2) --- Aluminum Leg > --- UTILITY (2) ------ Heat Sink Small Storage Unit > --- WEAPON (2) ------- Small Laser > --- INVENTORY (8) ---- Light Ion Engine Aluminum Leg Aluminum Leg Aluminum Leg Peak State ------------ > --- POWER ------------ Ion Engine > --- PROPULSION ------- Aluminum Leg Aluminum Leg > --- UTILITY ---------- Small Storage Unit > --- WEAPON ----------- EM Pulse Gun Light Assault Rifle > --- INVENTORY -------- Ion Engine [Rating: 6] Favorites ----------- Power Ion Engine Engine Ion Engine Propulsion Aluminum Leg Leg Aluminum Leg Utility Small Storage Unit Device Heat Sink Storage Small Storage Unit Weapon Light Assault Rifle Energy Gun EM Pulse Gun Ballistic Gun Light Assault Rifle Build | -11 -10 -10 -10 -9 ------- Run | Yrd Mat Min Exi Min Slots Evolved . | . . . . . Power . | . . . . . Propulsion . | . . . . . Utility . | . . . . . Weapon . | . . . . . Parts Attached 12 | 6 . . . 6 Power 3 | 1 . . . 2 Engine 3 | 1 . . . 2 Core . | . . . . . Reactor . | . . . . . Propulsion 4 | 2 . . . 2 Treads . | . . . . . Leg 4 | 2 . . . 2 Wheel . | . . . . . Hover . | . . . . . Flight . | . . . . . Utility 2 | 1 . . . 1 Device 1 | . . . . 1 Storage 1 | 1 . . . . Processor . | . . . . . Hackware . | . . . . . Protection . | . . . . . Artifact . | . . . . . Weapon 3 | 2 . . . 1 Energy Gun 2 | 1 . . . 1 Energy Cannon . | . . . . . Ballistic Gun 1 | 1 . . . . Ballistic Cannon . | . . . . . Launcher . | . . . . . Special Weapon . | . . . . . Impact Weapon . | . . . . . Slashing Weapon . | . . . . . Piercing Weapon . | . . . . . Special Melee Weapon . | . . . . . Unidentified Prototypes . | . . . . . Parts Lost 5 | . . . . 5 Power 1 | . . . . 1 Propulsion 2 | . . . . 2 Utility . | . . . . . Weapon 2 | . . . . 2 Highest Loss Streak 2 | . . . . 2 To Critical Strikes . | . . . . . Average Slot Usage (%) 77 | . 85 85 85 73 Engine 14 | . 14 14 14 14 Leg 27 | . 28 28 28 27 Device 5 | . . . . 7 Storage 14 | . 14 14 14 14 Energy Gun 7 | . 14 14 14 4 Ballistic Gun 7 | . 14 14 14 4 Naked Turns . | . . . . . Heaviest Build 13 | 13 13 13 13 12 Greatest Support 20 | 20 20 20 20 20 Greatest Overweight (x) 1 | 1 . . . 1 Average Overweight (x) . | . . . . . Largest Inventory Capacity 8 | 8 8 8 8 8 Average Capacity 7 | 7 8 8 8 8 Most Carried 4 | 4 1 2 2 4 Average Carried 2 | 1 1 1 2 2 Final Capacity 8 | 8 8 8 8 8 Final Carried 4 | 1 1 2 2 4 Class Distribution -------------------- 84% | Mutant 15% | Scavenger-Mutant Dominant Class ---------------- Mutant | -10/Materials Mutant | -10/Mines Mutant | -10/Exiles Mutant | -9/Mines Resources | -11 -10 -10 -10 -9 ----------- Run | Yrd Mat Min Exi Min Matter Collected 342 | 260 . 4 . 78 Remotely . | . . . . . Salvage Created 214 | . . 84 . 130 Parts 18 | . . 7 . 11 Haulers Intercepted . | . . . . . Recyclers Shooed . | . . . . . Parts Field Recycled . | . . . . . Retrieved Matter . | . . . . . Parts Self-Destructed . | . . . . . Prevented . | . . . . . Kills | -11 -10 -10 -10 -9 ------- Run | Yrd Mat Min Exi Min Combat Hostiles Destroyed 11 | . . 2 . 9 Melee 4 | . . . . 4 Guns 5 | . . 1 . 4 AOE 2 | . . 1 . 1 Classes Destroyed 3 | . . 1 . 2 Swarmer 4 | . . . . 4 Grunt 5 | . . 2 . 3 Assembled 2 | . . . . 2 Best Kill Streak 4 | . . 2 . 4 Combat Bots Only 4 | . . 2 . 4 Max Kills in Single Turn 2 | . . 1 . 2 Gunslinging . | . . . . . Exploded 1 | . . 1 . 1 Melee 1 | . . . . 1 Uniques/NPCs Destroyed . | . . . . . Combat | -11 -10 -10 -10 -9 -------- Run | Yrd Mat Min Exi Min Hostile Shots Fired 89 | . 10 5 . 74 Missed 26 | . 7 3 . 16 Damage Taken 792 | . 25 30 . 737 Core 255 | . . 13 . 242 Absorbed by Shields . | . . . . . Core Remaining (%) 100 | 100 . . . . Volleys Fired 38 | . . 4 3 31 Largest 2 | . . 2 2 2 Hottest 60 | . . 60 60 60 Shots Fired 48 | . . 8 6 34 Gun 48 | . . 8 6 34 Cannon . | . . . . . Launcher . | . . . . . Special . | . . . . . Kinetic 36 | . . 4 3 29 Thermal 2 | . . . . 2 Explosive . | . . . . . Electromagnetic 10 | . . 4 3 3 Robot Hit Streak 16 | . . 6 . 16 Robot Miss Streak 3 | . . 1 . 3 Penetration Max . | . . . . . Secondary Targets 2 | . . 1 . 1 Max Gunslinging Chain 1 | . . 1 . 1 Shots Hit Robots 26 | . . 7 . 19 Core Hits 29 | . . 3 . 26 Critical Kills . | . . . . . Critical Parts Destroyed . | . . . . . Critical Strikes . | . . . . . Melee Attacks . | . . . . . Impact . | . . . . . Slashing . | . . . . . Piercing . | . . . . . Sneak Attacks . | . . . . . Combat Hostiles . | . . . . . Follow-up Attacks . | . . . . . Damage Inflicted 448 | . . 120 . 328 Guns 249 | . . 72 . 177 Cannons . | . . . . . Explosions 131 | . . 48 . 83 Melee . | . . . . . Ramming 68 | . . . . 68 Kinetic 157 | . . 15 . 142 Thermal 131 | . . 48 . 83 Explosive . | . . . . . Electromagnetic 92 | . . 57 . 35 Impact . | . . . . . Slashing . | . . . . . Piercing . | . . . . . Highest Corruption . | . . . . . Average Corruption . | . . . . . Corruption Purged . | . . . . . Corruption Blocked . | . . . . . Overload Shots . | . . . . . Overflow Damage 7 | . . . . 7 Projectiles . | . . . . . Explosions 7 | . . . . 7 Melee . | . . . . . Knockbacks . | . . . . . Impact . | . . . . . Kinetic . | . . . . . Secondary . | . . . . . Self-Inflicted Damage 40 | . . . . 40 Shots 1 | . . . . 1 Rammed . | . . . . . Targets Rammed 31 | . . . . 31 Kicked 31 | . . . . 31 Crushed . | . . . . . Highest Temperature 38 | . . 38 20 32 Average Temperature 16 | . . 21 15 13 Received Heat Transfer 132 | . . 18 . 114 Siege Activations . | . . . . . Robots Corrupted . | . . . . . Combat Hostiles . | . . . . . Parts Fried . | . . . . . Impact Corruptions . | . . . . . Robots Melted . | . . . . . Combat Hostiles . | . . . . . Parts Melted 2 | . . 1 . 1 Heat Transferred 200 | . . 50 . 150 Parts Sabotaged . | . . . . . Parts Stolen . | . . . . . Parts Stripped . | . . . . . Power Chain Reactions 2 | . . 1 . 1 Alert | -11 -10 -10 -10 -9 ------- Run | Yrd Mat Min Exi Min Peak Influence 140 | . 5 58 . 140 Initial 1 | . . 1 . . Average 81 | . 1 47 . 114 Maximum Alert Level . | . . . . . Low Security (%) 100 | 100 100 100 . 100 Level 1 . | . . . . . Level 2 . | . . . . . Level 3 . | . . . . . Level 4 . | . . . . . Level 5 . | . . . . . High Security . | . . . . . Max Security . | . . . . . Squads Dispatched 1 | . 1 . . . Investigation 1 | . 1 . . . Extermination . | . . . . . Reinforcement . | . . . . . Assault . | . . . . . Garrison . | . . . . . Intercept . | . . . . . Searches Triggered . | . . . . . Construction Impeded . | . . . . . Haulers Reinforced . | . . . . . Active Scanning Responses . | . . . . . Cargo Convoy Interrupts . | . . . . . Stealth | -11 -10 -10 -10 -9 --------- Run | Yrd Mat Min Exi Min Distress Signals . | . . . . . Communications Jammed . | . . . . . Distress Signals . | . . . . . Times Spotted 18 | . 5 2 . 11 Peak Tracking Total 5 | . 5 2 . 4 Tactical Retreats 1 | . . . . 1 Traps | -11 -10 -10 -10 -9 ------- Run | Yrd Mat Min Exi Min Traps Triggered . | . . . . . Indirectly . | . . . . . Trap Hack Attempts . | . . . . . Triggered . | . . . . . Disarmed . | . . . . . Reprogrammed . | . . . . . Reused . | . . . . . Traps Extracted . | . . . . . Installed . | . . . . . Triggered . | . . . . . Machines | -11 -10 -10 -10 -9 ---------- Run | Yrd Mat Min Exi Min Machines Disabled 1 | . . . 1 . Max in Single Turn 1 | . . . 1 . Machines Repaired . | . . . . . Machines Dismantled . | . . . . . Machines Sabotaged . | . . . . . Overloaded Fab Kills . | . . . . . Hacking | -11 -10 -10 -10 -9 --------- Run | Yrd Mat Min Exi Min Machines Accessed 1 | . 1 . . . Terminals 1 | . 1 . . . Fabricators . | . . . . . Repair Stations . | . . . . . Recycling Units . | . . . . . Scanalyzers . | . . . . . Garrison Access . | . . . . . Total Hacks 3 | . 3 . . . Successful 3 | . 3 . . . Failed . | . . . . . Catastrophic . | . . . . . Database Lockouts . | . . . . . Manual . | . . . . . Terminals 3 | . 3 . . . Fabricators . | . . . . . Repair Stations . | . . . . . Recycling Units . | . . . . . Scanalyzers . | . . . . . Garrison Access . | . . . . . Terminal Hacks 3 | . 3 . . . Prototype ID Bank 1 | . 1 . . . Locate Traps 1 | . 1 . . . Zone Layout 1 | . 1 . . . Fabricator Hacks . | . . . . . Repair Station Hacks . | . . . . . Recycling Unit Hacks . | . . . . . Scanalyzer . | . . . . . Garrison Access Hacks . | . . . . . Unauthorized Hacks . | . . . . . Terminals . | . . . . . Fabricators . | . . . . . Repair Stations . | . . . . . Recycling Units . | . . . . . Scanalyzers . | . . . . . Garrison Access . | . . . . . Data Cores Recovered . | . . . . . Used . | . . . . . Hacking Detections 1 | . 1 . . . Full Trace Events 1 | . 1 . . . Feedback Events . | . . . . . Feedback Blocked . | . . . . . Robot Schematics Acquired . | . . . . . Robots Built . | . . . . . Authchips . | . . . . . Time . | . . . . . Total Robot Build Rating . | . . . . . Part Schematics Acquired . | . . . . . Parts Built . | . . . . . Authchips . | . . . . . Time . | . . . . . Total Part Build Rating . | . . . . . Parts Repaired . | . . . . . Time . | . . . . . Parts Recycled . | . . . . . Recycled Matter . | . . . . . Retrieved Matter . | . . . . . Retrieved Components . | . . . . . Parts Scanalyzed . | . . . . . Part Schematics Acquired . | . . . . . Parts Damaged . | . . . . . Bothacking | -11 -10 -10 -10 -9 ------------ Run | Yrd Mat Min Exi Min Used RIF Installer . | . . . . . Robots Hacked . | . . . . . Non-combat . | . . . . . Combat . | . . . . . Robot Hacks Applied . | . . . . . Relay Couplers Released . | . . . . . Fabnet Peak Effective % . | . . . . . Robots Rewired . | . . . . . Allies Hacked . | . . . . . Hacks Repelled . | . . . . . Allies | -11 -10 -10 -10 -9 -------- Run | Yrd Mat Min Exi Min Total Allies . | . . . . . Largest Group . | . . . . . Highest-Rated Group . | . . . . . Highest-Rated Ally . | . . . . . Total Orders . | . . . . . Ally Attacks . | . . . . . Total Damage . | . . . . . Kills . | . . . . . Allies Corrupted . | . . . . . Allies Melted . | . . . . . Intel | -11 -10 -10 -10 -9 ------- Run | Yrd Mat Min Exi Min Robot Analysis Total . | . . . . . Derelict Logs Recovered . | . . . . . Drone Launches . | . . . . . Drone Recoveries . | . . . . . Exploration | -11 -10 -10 -10 -9 ------------- Run | Yrd Mat Min Exi Min Turns Passed 511 | 52 59 39 54 307 Spaces Moved 304 | 37 50 23 39 155 Core 11 | 11 . . . . Treads . | . . . . . Legs 293 | 26 50 23 39 155 Wheels . | . . . . . Hover . | . . . . . Flight . | . . . . . Fastest Speed 50 | 50 120 120 120 120 Average Speed 118 | 108 120 120 120 120 Slowest Speed 190 | 190 120 120 120 190 Overloaded Moves . | . . . . . Propulsion Burnouts . | . . . . . Robots Hopped . | . . . . . Cave-ins Triggered . | . . . . . Exploration Rate (%) 11 | 3 12 6 8 27 Regions Visited 4 Branch Regions 3 Pre-discovered Areas . | . . . . . Known Exits Taken . | . . . . . Unknown Exits Taken 4 | 1 1 1 1 . Scrap Searched . | . . . . . Spaces Dug . | . . . . . Terrain Destroyed 14 | . . 9 . 5 Melee . | . . . . . Projectile . | . . . . . AOE 14 | . . 9 . 5 Terrain Rammed . | . . . . . Walls Destroyed . | . . . . . Machines Disabled . | . . . . . Actions | -11 -10 -10 -10 -9 --------- Run | Yrd Mat Min Exi Min Total 406 | 49 49 27 41 240 Wait 11 | . . . . 11 Move 300 | 36 49 22 38 155 Hop . | . . . . . Pick Up 14 | 7 . 1 . 6 Fast Attach . | . . . . . Attach 10 | 6 . . . 4 Detach . | . . . . . Swap 2 | . . . . 2 Drop . | . . . . . Fire 38 | . . 4 3 31 Melee . | . . . . . Ram . | . . . . . Kick 31 | . . . . 31 Crush . | . . . . . Escape Stasis . | . . . . . Rewire . | . . . . . Trap . | . . . . . Miscellaneous . | . . . . . Route ------- -11/Scrapyard -10/Materials (discovered 2 exits: [Mat] / [*Min]) -10/Mines -10/Exiles -9/Mines History --------- Turn | Location | Event 4 | -11/Scrapyard | Discovered new exit (range 16) 53 | -11/Scrapyard | Entered Materials 91 | -10/Materials | Discovered new exit (range 19) 91 | -10/Materials | Discovered new exit (range 18) 112 | -10/Materials | Entered Mines 145 | -10/Mines | Deemed a non-threat by the Exiles lab entrance 145 | -10/Mines | Discovered new exit (range 5) 151 | -10/Mines | Entered Exiles 184 | -10/Exiles | Discovered new exit (range 14) 205 | -10/Exiles | Entered Mines 233 | -9/Mines | Met a Derelict bent on vengeance 256 | -9/Mines | Excavation squad dispatched 256 | -9/Mines | A large section of the Mines collapsed 301 | -9/Mines | Build established: Mutant 330 | -9/Mines | Core integrity fell below 50% 384 | -9/Mines | Core integrity fell below 20% 506 | -9/Mines | Excavation squad dispatched 512 | -9/Mines | Destroyed by as-30115 with Assembled Rifle Last Messages --------------- U-05 Engineer lays Concrete. Kicked as-36608. U-05 Engineer lays Concrete. Kicked as-36608. as-36608 destroyed. U-05 Engineer lays Concrete. Acquired Aluminum Leg. U-05 Engineer lays Concrete. Acquired Sml. Laser. T-07 Excavator is excavating. R-06 Scavenger collects Lgt. Ion Engine. R-06 Scavenger collects Wheel. U-05 Engineer builds a Wall. Acquired 10 matter. Acquired Lgt. Ion Engine. T-07 Excavator destroyed. ALERT: Derelict activity in mines confirmed. Dispatching additional escorted excavation squad. Aluminum Leg destroyed. Map ----- +----------------------------------------------------+ | | | | | | | | | | | | | | | | | ????????????????????????????????????????? | | ????????????????????????????????????????? | | ????????????????????????????????????????? | | ????????????????????????????????????????? | | ????????????????????????????????????????? | | ????????????????????????????????????????? | | ????????????????????????????????????????? | | ????????????????????????????????????????? | | ????????????????????????????????????????? | | ????????????????????????????????????????? | | ????????????????????????????????????????? | | ????????????????????????????????????????? | | ????????????????????????????????????????? | | ?????????## ????????????????????????????? | | ?????????? ???????????????????????????? | | ???????????? ####??????????????????????? | | ?????????????? #??????????????????????? | | ???????????????#@#??????????????????????? | | ???????????????# #??????????????????????? | | ???????????????# #??????????????????????? | | ???????????????# #??????????????????????? | | ???????????????# #??????????????????????? | | ???????????????# #??????????????????????? | | ???????????????# #??????????????????????? | | ???????????????# #??????? #?????????????? | | ???????????????# #????## ##????????????? | | ????#########??# #??? ##???????????? | | ????# #??# #?? #???????????? | | ????# ####a## ????????? | | ????# """ ????????? | | ????# """ = ????????? | | ????# """ ###%######## ????????? | | ????# ###!#????????????##?????????? | | ????########## ##??????????????????????? | | ???????????## =%##?????????????????????? | | ???????????# ! ##????????????????????? | | ???????????# #????????????????????? | | ???????????## ##???????????????????? | | ????????????### #???????????????????? | | ??????????????## #???????????????????? | | ???????????????## ##???????#???????????? | | ????????????????# ##??????? #???????????? | +----------------------------------------------------+ Best States ------------- Heat Dissipation 35 Energy Generation 10 Energy Capacity 250 Matter Stores 300 Matter Capacity 300 Sight Range 16 Terrain Scan Density 10 Evasion (%) 55 Item Schematics ----------------- None Robot Schematics ------------------ None Fabricated ------------ Nothing Alien Tech Used ----------------- None Achievements -------------- None Challenges ------------ None Game ------ Seed TrapLauncherAmplifier Manual? 0 Play Time 00:07:45 Cumulative 9.6 hours Start 2024.04.03 @ 17:15:39 End 2024.04.03 @ 17:22:47 Sessions 1 Manual Loads 0 Difficulty Rogue Special Mode None Game No. 13 Rogue 13 Adventurer 0 Explorer 0 Win Type - Total 0 Types 0/0/0/0/0/0/0/0/0 Lore% 4 Gallery% 15 Achievement% 12 Wizard Run 0 Options --------- Layout 1 ASCII 0 Keyboard 0 Movement Mouse Keybinds 0 Fullscreen 1 Font 24/Smallcaps Map View 50x35 Zoom Use 0% Tactical HUD 0 Map Filters NONE Filters NONE Steam 1 RUN: 714ff9be-6357-4e56-a64e-51b639abd676